Map: [ESL] Moondance

Players

Bunny - Winner!

  • Race: Terran Terran
  • Spawn Location: 12:00

NightMare

  • Race: Protoss Protoss
  • Spawn Location: 6:00

Event: DreamHack SC2 Masters 2022 Atlanta (Offline)

VOD

Have the link to the VOD?

Description

Time

  • Played on: Nov. 19, 2022, 3:41 p.m.
  • Length: 8:11

All games in this series

Show
View Real Time Build Order
Export as new Build Order

Bunny Terran - Winner!

Build Orders: Reaper Expand 

Get SALT Encoding   

  12  0:00  SCV  
  13  0:12  SCV  
  14  0:17  Supply Depot  
  14  0:24  SCV  
  15  0:38  SCV  
  15  0:39  Barracks  
  15  0:42  Refinery  
  16  0:50  SCV  
  17  1:03  SCV  
  18  1:15  SCV  
  19  1:26  Reaper  
  19  1:27  Orbital Command  
  20  1:39  Command Center  
  20  1:46  Supply Depot  
  20  1:52  SCV  
  21  1:58  Marine  
  22  2:04  SCV  
  22  2:06  Factory  
  23  2:12  Bunker  
  23  2:16  SCV  
  23  2:20  Barracks Reactor  
  23  2:21  Refinery  
  24  2:28  SCV  
  25  2:41  SCV  
  26  2:50  Hellion  
  28  2:51  Orbital Command  
  28  2:53  SCV, Starport  
  28  2:57  Marine x2  
  31  3:05  SCV  
  31  3:12  Widow Mine  
  34  3:15  Marine x2  
  34  3:17  SCV  
  34  3:18  SCV  
  38  3:29  Medivac  
  38  3:30  SCV x2  
  38  3:32  Supply Depot  
  38  3:33  Widow Mine  
  44  3:35  Marine x2  
  46  3:45  Barracks  
  46  3:53  SCV x2  
  48  3:59  Factory Tech Lab  
  48  4:02  Starport Tech Lab  
  47  4:03  Marine  
  47  4:04  Marine  
  47  4:05  Supply Depot  
  47  4:06  SCV x2  
  47  4:07  Engineering Bay  
  51  4:18  SCV x2, Refinery  
  51  4:24  Marine  
  54  4:27  Marine  
  54  4:28  Raven  
  54  4:30  Supply Depot, SCV x2  
  59  4:31  Barracks  
  59  4:36  Terran Infantry Weapons Level 1  
  59  4:41  Marine, Factory Reactor  
  59  4:42  SCV  
  59  4:44  Marine  
  62  4:47  Marine  
  62  4:49  Stimpack  
  59  4:53  SCV  
  59  4:54  SCV  
  61  5:00  Refinery, Marine  
  61  5:02  Supply Depot, Marine  
  61  5:03  Supply Depot  
  61  5:05  Marauder  
  65  5:10  SCV x2  
  67  5:15  Supply Depot  
  67  5:19  Widow Mine  
  69  5:21  Starport Reactor  
  69  5:24  Widow Mine  
  69  5:26  Supply Depot  
  69  5:27  Marauder  
  69  5:28  Supply Depot  
  73  5:29  Marauder  
  73  5:30  Marine  
  73  5:31  Marine  
  73  5:34  SCV  
  73  5:48  Marauder, Marine x2  
  74  5:50  SCV x2, Marauder  
  74  5:53  Widow Mine x2  
  82  6:00  Medivac x2  
  82  6:03  Combat Shield  
  86  6:08  SCV x2  
  88  6:12  Marauder x2, Marine  
  88  6:15  Marine  
  94  6:25  Widow Mine x2  
  96  6:26  SCV x2  
  96  6:38  Command Center  
  96  6:42  Marauder x2  
  96  6:43  Marine x2  
  102  6:47  Medivac  
  102  6:50  Medivac  
  106  6:59  Concussive Shells  
  104  7:01  Marine x2  
  104  7:03  Marauder x2  
  110  7:10  Supply Depot x2  
  110  7:11  SCV x2  
  110  7:18  Supply Depot  
  110  7:20  Barracks  
  110  7:21  Barracks  
  110  7:22  Medivac  
  110  7:23  Medivac  
  110  7:31  Marine  
  110  7:32  Marauder x2  
  111  7:39  Marine  
  111  7:40  Widow Mine x2  
  109  7:47  SCV  
  109  7:48  SCV  
  109  7:49  Marine  
Show
View Real Time Build Order
Export as new Build Order

NightMare Protoss 

Build Orders: 1 Gate Expand, Blink Stalkers, Colossus Rush 

Get SALT Encoding   

  12  0:00  Probe  
  13  0:12  Probe  
  14  0:18  Pylon  
  14  0:24  Probe  
  15  0:36  Probe (Chrono Boost)  
  15  0:38  Gateway  
  16  0:45  Probe (Chrono Boost)  
  16  0:47  Assimilator  
  17  0:51  Probe (Chrono Boost)  
  18  1:03  Probe  
  19  1:15  Probe  
  20  1:25  Cybernetics Core  
  22  1:36  Nexus  
  20  1:40  Pylon  
  20  1:41  Probe  
  21  1:48  Assimilator  
  21  1:54  Probe  
  22  1:59  Adept (Chrono Boost)  
  22  2:03  Warp Gate  
  22  2:06  Probe  
  25  2:18  Probe  
  25  2:19  Stalker (Chrono Boost)  
  28  2:30  Probe  
  29  2:38  Twilight Council  
  29  2:42  Probe  
  30  2:48  Stalker  
  30  2:49  Probe  
  33  2:54  Probe  
  34  3:01  Probe  
  35  3:05  Blink (Chrono Boost)  
  35  3:06  Probe  
  35  3:09  Gateway  
  36  3:13  Probe  
  36  3:18  Probe  
  38  3:22  Gateway  
  38  3:25  Probe  
  39  3:30  Probe  
  39  3:32  Pylon  
  40  3:36  Robotics Facility  
  40  3:38  Probe  
  41  3:42  Probe  
  42  3:50  Probe  
  42  3:55  Probe  
  43  4:04  Nexus  
  43  4:05  Probe  
  43  4:07  Probe  
  43  4:09  Assimilator  
  45  4:11  Assimilator  
  45  4:14  Pylon  
  45  4:17  Stalker  
  45  4:20  Stalker  
  49  4:24  Observer  
  49  4:25  Stalker  
  49  4:27  Probe  
  49  4:28  Probe  
  54  4:37  Robotics Bay  
  54  4:40  Probe x2  
  54  4:42  Stalker  
  57  4:53  Probe x2  
  57  4:59  Charge  
  59  5:03  Gateway, Pylon  
  59  5:08  Observer  
  59  5:10  Gateway  
  60  5:15  Gateway  
  60  5:34  Colossus (Chrono Boost)  
  58  5:38  Probe  
  58  5:39  Probe  
  58  5:40  Extended Thermal Lance (Chrono Boost)  
  62  5:45  Probe  
  62  5:47  Observer  
  62  5:50  Probe  
  62  5:51  Stalker x2  
  62  5:52  Stalker  
  62  5:54  Shield Battery  
  69  6:00  Observer  
  69  6:03  Pylon  
  69  6:06  Zealot, Sentry  
  73  6:14  Colossus (Chrono Boost)  
  73  6:16  Observer  
  79  6:18  Zealot x2  
  82  6:25  Zealot  
  82  6:26  Zealot  
  82  6:28  Probe x2  
  82  6:29  Probe  
  89  6:37  Pylon  
  89  6:39  Pylon  
  89  6:41  Probe x3  
  89  6:46  Shield Battery  
  92  7:00  Stalker x3  
  92  7:01  Stalker  
  91  7:04  Observer  
  85  7:12  Zealot  
  81  7:18  Pylon  
  81  7:25  Probe  
  82  7:36  Zealot  
  84  7:40  Stalker x4  
  61  7:53  Stalker  
Tags
 
Add a new tag
Caveats
  • Supply blocks, unpowered buildings, or Contaminate may cause inaccurate times.
  • Supply counts are checked every 10 seconds.